 Dungeon Crawl Stone Soup version 0.29.1-2-gbd0b4ee654 (webtiles) character file.

Game seed: 6576462228934717116

2739 xian the Twirler (level 9, 0/66 HPs)
             Began as a Mummy Artificer on Nov 2, 2022.
             Was an Initiate of Qazlal.
             Slain by a polar bear (22 damage)
             ... created by the rage of Trog
             ... on level 7 of the Dungeon on Nov 3, 2022.
             The game lasted 00:20:25 (8335 turns).

xian the Twirler (Mummy Artificer)                  Turns: 8335, Time: 00:20:26

Health: 0/66       AC: 20    Str: 19    XL:     9   Next: 40%
Magic:  9/9        EV:  8    Int: 10    God:    Qazlal [......]
Gold:   396        SH:  5    Dex: 13    Spells: 8/8 levels left

rFire   . . .      SeeInvis .   p - +7 quarterstaff (chaos)
rCold   + + .      Faith    .   (shield currently unavailable)
rNeg    + + +      Spirit   .   o - +1 chain mail {rF+}
rPois   ∞          Reflect  +   f - +1 hat
rElec   .          Harm     .   A - +2 cloak
rCorr   .          Rampage  .   l - +0 pair of gloves
Will    +....                   (no boots)
Stlth   ..........              s - amulet of reflection
HPRegen 0.21/turn               b - +4 ring of protection
MPRegen 0.11/turn               w - ring of protection from cold

@: slowed, very slow
A: cold resistance 1, negative energy resistance 3, torment resistance 2, heat
vulnerability 1, in touch with death 1, no potions
a: Renounce Religion


You were on level 7 of the Dungeon.
You worshipped Qazlal.
Qazlal was noncommittal.
You visited 1 branch of the dungeon, and saw 8 of its levels.
You also visited: Ossuary.

You collected 534 gold pieces.
You spent 138 gold pieces at shops.

Inventory:

Hand Weapons
 a - the +5 quarterstaff "Zypp" {flame, *Rage rPois rF+ rN+}
   (You found it on level 7 of the Dungeon)

   It burns those it strikes, dealing additional fire damage.
   rF:        It protects you from fire.
   rPois:     It protects you from poison.
   rN:        It protects you from negative energy.
   *Rage:     It berserks you when you make melee attacks (+20% chance).
 p - a +7 quarterstaff of chaos (weapon)
Missiles
 h - 28 stones
 i - 7 boomerangs
 t - 22 poisoned darts (quivered)
 z - 5 atropa-tipped darts
Armour
 f - a +1 hat (worn)
 l - a +0 pair of gloves (worn)
 o - a +1 chain mail of fire resistance (worn)
 A - a +2 cloak (worn)
Jewellery
 b - a +4 ring of protection (left hand)
 s - an amulet of reflection (around neck)
 w - a ring of protection from cold (right hand)
Wands
 c - a wand of flame (11)
 d - a wand of charming (12)
 e - a wand of iceblast (4)
 v - a wand of roots (10)
Scrolls
 j - a scroll of amnesia
 k - 2 scrolls of magic mapping
 m - 2 scrolls of blinking
 n - a scroll of brand weapon
 q - 3 scrolls of enchant armour
 r - a scroll of fear
 u - a scroll of poison
 x - a scroll of enchant weapon
 y - 2 scrolls of teleportation


   Skills:
 + Level 4.6 Fighting
 + Level 1.1 Short Blades
 + Level 0.7(4.1) Maces & Flails
 + Level 6.5 Staves
 + Level 2.4 Throwing
 + Level 4.9 Armour
 + Level 2.2 Dodging
 + Level 2.7 Stealth
 + Level 2.5 Shields
 + Level 3.2 Evocations


You had 8 spell levels left.
You didn't know any spells.
Your spell library contained the following spells:

 Spells                   Type           Power      Damage    Failure   Level
 Blink                    Tloc           0%         N/A       99%         2
 Ensorcelled Hibernation  Hex/Ice        0%         N/A       99%         2
 Passwall                 Tmut/Erth      0%         N/A       99%         2
 Gell's Gravitas          Tloc           0%         N/A       100%        3
 Lesser Beckoning         Tloc           0%         N/A       100%        3
 Swiftness                Air            0%         N/A       100%        3
 Teleport Other           Tloc           0%         N/A       100%        3
 Summon Lightning Spire   Summ/Air       0%         N/A       100%        4
 Manifold Assault         Tloc           0%         N/A       100%        5
 Silence                  Hex/Air        0%         N/A       100%        5
 Starburst                Conj/Fire      0%         6d3       100%        6
 Summon Hydra             Summ           0%         N/A       100%        7
 Beastly Appendage        Tmut           Unusable   N/A       N/A         1
 Sublimation of Blood     Necr           Unusable   N/A       N/A         2
 Wereblood                Tmut           Unusable   N/A       N/A         2
 Spider Form              Tmut/Pois      Unusable   N/A       N/A         3

Dungeon Overview and Level Annotations

Branches:
Dungeon (8/15)             Temple (0/1) D:5         Ossuary (visited)
   Lair: D:8-11

Altars:
Ashenzari
Dithmenos
Fedhas
Nemelex Xobeh
Qazlal
Ru
Trog
Vehumet

Shops:
D:4 (   D:7 ?


Innate Abilities, Weirdness & Mutations

You are immune to poison.
Your flesh is cold resistant. (rC+)
You are immune to negative energy. (rN+++)
You are immune to unholy pain and torment.
You are vulnerable to heat. (rF-)
You are in touch with the powers of death.
You do not drink.


Message History

Qazlal accepts your kill.
Things that are here:
a +0 hand axe; a +0 leather armour; an orc corpse You open the door.
There is an open door here.
There is an open door here.
Items here: )) [ †.
You see here a bubbling clear potion.
There is a stone staircase leading up here.
Key pressed, stopping explore.
You open the door.
There is an open door here.
There is an open door here.
Trog sends monsters to punish you.
The divine experience drains your vigour!
You feel yourself slow down.
A black bear, 2 polar bears and an ogre come into view.
There are monsters nearby!
The polar bear attacks as you move away!
You block the polar bear's attack.
The polar bear claws you but does no damage.
The polar bear barely misses you.
The black bear moves out of view.
You hear a shout!
The black bear rages.
You barely miss the polar bear. The polar bear bites you!
The polar bear claws you but does no damage. x2
The polar bear bites you.
The polar bear claws you but does no damage.
The polar bear completely misses you.
You bludgeon the polar bear!!
Space warps around the polar bear.
The polar bear is moderately wounded.
The polar bear bites you. You block the polar bear's attack.
The polar bear barely misses you. The polar bear bites you!
The polar bear misses you. The polar bear barely misses you.
Unknown command.
You thump the polar bear! You burn the polar bear.
The polar bear is heavily wounded.
The polar bear bites you. The polar bear barely misses you.
The polar bear claws you. The polar bear bites you!!
You die...

######.# ##### #####.# #...##
##...#.# .###.###......# .#
#..........# ##########
.###.###......## #.........
#...## ##.>....## #.#######.
##.## ###...).###.## #.#
#......@hhh.##### ### #.#
##...#####O##.#⌠#####⌠# #.# ##..#
#.O8.#.#.#.#.## #.# ##.#
##..........._# #.# ##'##
#............# #.# ##...##
##8.#.#.#.#._# ##.## ##...<.##
##_#.#_###_## ....## ##.......##
####### ###
.#...####.........####...########


You could see 2 polar bears, a black bear (berserk) and an ogre (berserk).

Vanquished Creatures
  A kobold demonologist (D:7)
  Grinder (D:6)
  A steam dragon (D:6)
  A water moccasin (D:7)
  An orc warrior (D:7)
  An ice beast (D:5)
  2 black bears
  A sky beast (D:8)
  An ogre (D:7)
  2 phantoms
  2 kobold brigands (D:7)
  2 bullfrogs (D:7)
  2 gnoll sergeants
  3 scorpions
  2 centaur zombies (Ossuary)
  2 orc priests (D:6)
  Crazy Yiuf (D:2)
  6 hounds
  3 iguanas
  An orc wizard (D:6)
  4 mummies (Ossuary)
  2 adders (D:6)
  8 gnolls
  A shadow imp (D:4)
  2 white imps
  2 ufetubi
  13 orcs
  5 bats
  5 endoplasms
  A giant cockroach (D:2)
  3 goblins (D:2)
  6 hobgoblins
  5 jackals
  12 kobolds
  7 quokkas
  4 ball pythons
  6 frilled lizards
  4 hobgoblin zombies (Ossuary)
  A jackal zombie (D:6)
  5 rats
  A rat zombie (D:6)
133 creatures vanquished.

Vanquished Creatures (collateral kills)
  A sky beast (D:6)
  A gnoll (D:6)
2 creatures vanquished.

Vanquished Creatures (others)
  A gnoll (D:6)
  A kobold (D:7)
  10 fungi
  4 plants (D:3)
16 creatures vanquished.

Grand Total: 151 creatures vanquished

Notes
Turn   | Place    | Note
-------+----------+-------------------------------------------
     0 | D:1      | xian the Mummy Artificer began the quest for the Orb.
     0 | D:1      | Reached XP level 1. HP: 15/15 MP: 1/1
   478 | D:1      | Reached XP level 2. HP: 21/21 MP: 2/2
  1402 | D:2      | Gained mutation: You are in touch with the powers of death.
                  | [Mummy growth]
  1402 | D:2      | Reached XP level 3. HP: 26/26 MP: 3/3
  1814 | D:2      | Found a runed translucent door.
  1815 | D:2      | Noticed Crazy Yiuf
  2681 | D:2      | HP: 1/26 [Crazy Yiuf/+3 quarterstaff of chaos (5)]
  2682 | D:2      | Killed Crazy Yiuf
  2683 | D:2      | Reached skill level 1 in Dodging
  3048 | D:3      | Found a bloodstained altar of Trog.
  3059 | D:3      | Became a worshipper of Trog the Wrathful
  3144 | D:3      | Reached skill level 1 in Short Blades
  3144 | D:3      | Reached XP level 4. HP: 32/32 MP: 4/4
  3181 | D:3      | Got the Codex of Floating Blows and Bruises
  3652 | D:3      | Found a faded altar of an unknown god.
  3696 | D:4      | Noticed a black bear
  3696 | D:4      | Found Deust's Weapon Emporium.
  3710 | D:4      | Killed a black bear
  3711 | D:4      | Reached skill level 1 in Staves
  3711 | D:4      | Reached skill level 1 in Stealth
  3711 | D:4      | Reached XP level 5. HP: 37/37 MP: 5/5
  4004 | D:4      | Reached * piety under Trog
  4159 | D:4      | Noticed a phantom
  4171 | D:4      | Killed a phantom
  4172 | D:4      | Reached skill level 2 in Staves
  4172 | D:4      | Reached XP level 6. HP: 43/44 MP: 6/6
  4231 | D:4      | Found a shadowy altar of Dithmenos.
  5129 | D:5      | Entered Level 5 of the Dungeon
  5176 | D:5      | Noticed an ice beast
  5184 | D:5      | Killed an ice beast
  5185 | D:5      | Reached skill level 3 in Staves
  5185 | D:5      | Reached skill level 1 in Throwing
  5269 | D:5      | Found a staircase to the Ecumenical Temple.
  5282 | D:5      | Reached XP level 7. HP: 51/51 MP: 7/7
  5340 | D:5      | Reached skill level 1 in Shields
  5661 | D:6      | Found a sand-covered staircase.
  5692 | Ossuary  | Entered an ossuary
  6065 | D:6      | Noticed a steam dragon
  6070 | D:6      | Killed a steam dragon
  6071 | D:6      | Reached skill level 4 in Staves
  6118 | D:6      | Reached XP level 8. HP: 43/58 MP: 8/8
  6208 | D:6      | Found a stormy altar of Qazlal.
  6233 | D:6      | Noticed Grinder
  6269 | D:6      | Paralysed by Grinder for 5 turns
  6277 | D:6      | Killed Grinder
  6289 | D:6      | Reached ** piety under Trog
  6290 | D:6      | Reached skill level 5 in Staves
  6774 | D:6      | Fell from the grace of Trog
  6774 | D:6      | Became a worshipper of Qazlal Stormbringer
  7391 | D:7      | Reached XP level 9. HP: 64/65 MP: 9/9
  7511 | D:7      | Found a broken altar of Ashenzari.
  7527 | D:7      | Found a radiant altar of Vehumet.
  7527 | D:7      | Found a blossoming altar of Fedhas.
  7528 | D:7      | Found a sacrificial altar of Ru.
  7532 | D:7      | Found a sparkling altar of Nemelex Xobeh.
  7563 | D:7      | Reached skill level 6 in Staves
  7701 | D:7      | Identified the +5 quarterstaff "Zypp" {flame, *Rage rPois
                  | rF+ rN+}
  7764 | D:7      | Found Veafos's Magic Scroll Boutique.
  7784 | D:7      | Bought a scroll of enchant weapon for 90 gold pieces
  7784 | D:7      | Bought a scroll of identify for 24 gold pieces
  7784 | D:7      | Bought a scroll of identify for 24 gold pieces
  7873 | D:7      | Noticed a kobold demonologist
  7878 | D:7      | Noticed a sun demon
  8064 | D:7      | Noticed an ice devil
  8071 | D:7      | Killed a kobold demonologist
  8331 | D:7      | Noticed a polar bear
  8331 | D:7      | Noticed a polar bear
  8335 | D:7      | Slain by a polar bear

Illustrated notes

Levels and vault maps discovered:
D:1:      heliophobic_arrival_enchanted_forest, layout_loops_ring
D:2:      layout_loops_ring, grunt_ministairs_15, uniq_crazy_yiuf_cottage
D:3:      layout_basic, bloody_trog, shapermc_ecumenical_altar_hornbeckon
D:4:      layout_layer_cave, nicolae_dithmenos_through_a_glass_darkly,
          serial_shops, nicolae_shop_trees
D:5:      layout_basic, minmay_temple_entry_mini_moons
D:6:      layout_loops_ring, nicolae_qazlal_scattered_showers, enter_ossuary_3,
          uniq_grinder
D:7:      layout_loops_corners, minitemple, serial_shops, shop_coins
D:8:      layout_rooms, mainiacjoe_overflow_boulevard, kennysheep_windowed_goal,
          uniq_pikel

Skill      XL: |  1  2  3  4  5  6  7  8  9 |
---------------+----------------------------+-----
Evocations     | 3 |  3.2
Armour         | 2 3 4 |  4.9
Dodging        | 1 2 |  2.2
Short Blades   | 1 |  1.1
Staves         | 1 2 3 4 5 6 |  6.5
Stealth        | 1 2 |  2.7
Fighting       | 2 3 4 |  4.6
Throwing       | 1 2 |  2.4
Shields        | 1 2 |  2.5
Maces & Flails | |  0.7

Action                   |  1- 3 |  4- 6 |  7- 9 || total
-------------------------+-------+-------+-------++-------
Melee: Club              |    33 |       |       ||    33
       Short sword       |   101 |       |       ||   101
       Punch             |     2 |       |       ||     2
       Quarterstaff      |     6 |    90 |   226 ||   322
Throw: Stone             |     7 |    21 |    33 ||    61
       Boomerang         |    13 |     1 |       ||    14
       Dart              |       |       |     2 ||     2
Evoke: Wand              |     4 |     1 |     3 ||     8
  Use: Scroll            |     1 |       |    14 ||    15
 Stab: Paralysed         |       |       |     6 ||     6
Armor: Leather armour    |    21 |       |       ||    21
       Scale mail        |    49 |       |       ||    49
       Chain mail        |    11 |    85 |   167 ||   263
Dodge: Dodged            |   101 |    32 |    81 ||   214
Block: Other             |       |    29 |    47 ||    76
       Reflection        |       |     1 |     2 ||     3
